 Dungeon Crawl Stone Soup version 0.31-a0-221-gbddc013574 (webtiles) character file.

Game seed: 10479703331374860899

138 qw the Shooter (level 5, 0/45 HPs)
             Began as a Minotaur Hexslinger on July 4, 2023.
             Slain by Pargi (6 damage)
             ... on level 3 of the Dungeon.
             The game lasted 00:00:53 (2170 turns).

qw the Shooter (Minotaur Hexslinger)                Turns: 2170, Time: 00:00:53

Health: 0/45       AC:  3    Str: 17 (18) XL:     5   Next: 1%
Magic:  5/5        EV: 12    Int:  3 (6)  God:
Gold:   148        SH:  0    Dex: 15      Spells: 5/6 levels left

rFire   . . .        Y - +5 sling
rCold   . . .        (no shield)
rNeg    + + +        f - +0 leather armour "Siupt" {rN+++ Will+ Regen+ Int-4}
rPois   .            (helmet restricted)
rElec   .            (no cloak)
rCorr   .            (no gloves)
SInv    .            (no boots)
Will    +....        (no amulet)
Stlth   +            j - +6 ring of strength
HPRegen 1.07/turn    (no ring)
MPRegen 0.09/turn

%: no passive effects
@: no status effects
A: horns 2, retaliatory headbutt
a: no special abilities


You were on level 3 of the Dungeon.
You visited 1 branch of the dungeon, and saw 3 of its levels.

You collected 148 gold pieces.


Innate Abilities, Weirdness & Mutations

You have a pair of horns on your head.
You reflexively headbutt those who attack you in melee.


   Skills:
 - Level 3.0 Fighting
 + Level 5.1 Ranged Weapons
 - Level 2.1 Dodging
 - Level 1.0 Spellcasting
 - Level 2.0 Hexes


You had 5 spell levels left.
You knew the following spells:

 Your Spells              Type           Power      Damage    Failure   Level
a - Slow                  Hex            4%         N/A       30%         1

Your spell library contained the following spells:

 Spells                   Type           Power      Damage    Failure   Level
 Inner Flame              Hex/Fire       0%         N/A       80%         3
 Portal Projectile        Hex/Tloc       0%         N/A       80%         3
 Cause Fear               Hex            0%         N/A       96%         4

Inventory:

Hand Weapons
 Y - a +5 sling (weapon)
Armour
 f - the +0 leather armour "Siupt" (worn) {rN+++ Will+ Regen+ Int-4}
   (You found it on level 2 of the Dungeon)

   Int:       It affects your intelligence (-4).
   rN:        It renders you almost immune to negative energy.
   Regen:     It increases your rate of health regeneration.
   Will:      It increases your willpower.
Jewellery
 h - a ring of fire
 j - a +6 ring of strength (left hand)
Scrolls
 g - a scroll of identify
Potions
 b - a potion of heal wounds {unknown}
 d - a potion of brilliance {unknown}
 i - a potion of haste {unknown}
 k - a potion of might {unknown}
 l - a potion of cancellation {unknown}

Dungeon Overview and Level Annotations

Branches:
Dungeon (3/15)

Altars:

Annotations:
D:3 3 runed translucent doors, Pargi; qw's ghost, weakling GrHs


Message History

Pargi bites you. Pargi claws you. Pargi barely misses you.
You shoot a sling bullet. The sling bullet hits Pargi.
Pargi is moderately wounded.
Pargi bites you. Pargi claws you. Pargi claws you but does no damage.
The bat misses you.
You shoot a sling bullet. The sling bullet hits Pargi.
Pargi is moderately wounded.
The bat hits you but does no damage. x2; Pargi barely misses you.
Pargi claws you. x2
You shoot a sling bullet. The sling bullet hits Pargi!
Pargi is heavily wounded.
The bat hits you. The bat barely misses you. You furiously retaliate!
You headbutt the bat.
You kill the bat!
Pargi misses you. Pargi barely misses you. Pargi claws you.
You shoot a sling bullet.
The sling bullet hits Pargi but does no damage.
Pargi is heavily wounded.
Pargi bites you. Pargi barely misses you. Pargi claws you.
You shoot a sling bullet. The sling bullet closely misses Pargi.
Pargi bites you. Pargi claws you. Pargi closely misses you. Pargi bites you.
Pargi barely misses you. Pargi claws you but does no damage.
You shoot a sling bullet. The sling bullet closely misses Pargi.
Pargi bites you. Pargi closely misses you. Pargi claws you.
You shoot a sling bullet.
The sling bullet hits Pargi but does no damage.
Pargi is heavily wounded.
Pargi bites you. Pargi claws you. Pargi closely misses you.
You shoot a sling bullet.
The sling bullet hits Pargi but does no damage.
Pargi is moderately wounded.
Pargi bites you. Pargi closely misses you. Pargi claws you but does no damage.
You shoot a sling bullet. The sling bullet hits Pargi.
Pargi is moderately wounded.
Pargi bites you but does no damage. Pargi misses you. Pargi barely misses you.
You shoot a sling bullet. The sling bullet hits Pargi.
Pargi is heavily wounded.
Pargi bites you. Pargi misses you. Pargi claws you but does no damage.
Pargi bites you.
You die...

#...## #.# .....#
#.############ #...##
#............# ##.##
#######.##.########## #..##
#.##..........# #...###
#..##########.# ###....#
#.#.# ....#.# ..#....###
#.#.# .....#.#
#.#......#####.#@#.......#.#
#.#....#...#.#>..T.......#.#
#.########....##.##......#.#
#..... +............=....# #
###########........ #..
......#..........## .
########...####### # #...#
#...#


You could see Pargi.

Vanquished Creatures
  Jessica (D:3)
  Robin (D:2)
  2 adders
  2 worms (D:2)
  4 dart slugs
  3 ball pythons (D:1)
  4 bats
  10 endoplasms
  2 giant cockroaches (D:1)
  15 goblins
  7 hobgoblins
  2 quokkas
  2 frilled lizards (D:1)
  4 kobolds
  7 rats
66 creatures vanquished.

Notes
Turn   | Place    | Note
-------+----------+-------------------------------------------
     0 | D:1      | qw the Minotaur Hexslinger began the quest for the Orb.
     0 | D:1      | Reached XP level 1. HP: 16/16 MP: 1/1
     0 | D:1      | 0 ||| qw: Version: 0.3-a-41-g9d075ac
     0 | D:1      | 0 ||| qw: Game counter: 728
     0 | D:1      | 0 ||| qw: Melee chars always use a shield: true
     0 | D:1      | 0 ||| qw: God list: Okawaru
     0 | D:1      | 0 ||| qw: Allow faded altars: false
     0 | D:1      | 0 ||| qw: Do Orc after clearing Dungeon:15 true
     0 | D:1      | 0 ||| qw: Do second Lair branch before Depths: true
     0 | D:1      | 0 ||| qw: Lair rune preference: random
     0 | D:1      | 0 ||| qw: Goals: Normal
     0 | D:1      | 0 ||| PLANNING D:1-11
   343 | D:1      | Reached skill level 3 in Ranged Weapons
   429 | D:1      | Reached XP level 2. HP: 23/23 MP: 2/2
   692 | D:1      | Reached XP level 3. HP: 29/29 MP: 3/3
   860 | D:1      | 860 ||| READING scroll labelled SUELUB NUACI.
   861 | D:1      | 861 ||| READING 2 scrolls labelled WUDUOMN EMPOVA.
   862 | D:1      | 862 ||| READING scroll labelled DITWYU COOWN.
   863 | D:1      | 863 ||| DROPPING scroll of poison.
   890 | D:2      | 890 ||| STAIRDANCE
  1041 | D:2      | 1041 ||| FLEEEEING.
  1148 | D:2      | Identified the +0 leather armour "Siupt" {rN+++ Will+
                  | Regen+ Int-4}
  1169 | D:2      | Noticed Robin
  1171 | D:2      | Reached skill level 4 in Ranged Weapons
  1178 | D:2      | Killed Robin
  1197 | D:2      | Reached XP level 4. HP: 36/36 MP: 4/4
  1639 | D:2      | 1639 ||| UPGRADING to +0 leather armour "Siupt" {rN+++
                  | Will+ Regen+ Int-4}.
  1649 | D:2      | 1649 ||| DROPPING +0 robe.
  1650 | D:2      | 1650 ||| UPGRADING to +6 ring of strength.
  1651 | D:2      | 1651 ||| READING scroll labelled BEEGIYBEASS.
  1656 | D:2      | 1656 ||| DRINKING 2 viscous dark potions.
  1657 | D:2      | 1657 ||| READING 2 scrolls of identify.
  1657 | D:2      | 1657 ||| IDENTIFYING murky ruby potion
  1658 | D:2      | 1658 ||| DROPPING potion of ambrosia.
  1659 | D:2      | 1659 ||| DROPPING potion of degeneration.
  1744 | D:3      | Reached skill level 5 in Ranged Weapons
  1756 | D:3      | Found a runed translucent gate.
  1760 | D:3      | Found a runed translucent gate.
  1760 | D:3      | Found a runed translucent gate.
  1760 | D:3      | Noticed qw's ghost (weakling GrHs)
  1764 | D:3      | Noticed Jessica
  1772 | D:3      | Killed Jessica
  1835 | D:3      | Reached skill level 3 in Fighting
  1851 | D:3      | 1851 ||| FLEEEEING.
  1993 | D:3      | Reached XP level 5. HP: 45/45 MP: 5/5
  2141 | D:3      | Noticed Pargi
  2142 | D:3      | 2142 ||| READING 4 scrolls labelled SUN USIS QOSO.
  2143 | D:3      | 2143 ||| READING 3 scrolls of enchant weapon.
  2143 | D:3      | 2143 ||| ENCHANTING +2 sling.
  2144 | D:3      | 2144 ||| READING 2 scrolls of enchant weapon.
  2144 | D:3      | 2144 ||| ENCHANTING +3 sling.
  2145 | D:3      | 2145 ||| READING scroll of enchant weapon.
  2145 | D:3      | 2145 ||| ENCHANTING +4 sling.
  2165 | D:3      | HP: 11/45 [Pargi (5)]
  2168 | D:3      | HP: 5/45 [Pargi (2)]
  2170 | D:3      | Slain by Pargi

Levels and vault maps discovered:
D:1:      amcnicky_arrival_choice, layout_basic, minmay_misc_feat_columns,
          minmay_domino_2
D:2:      layout_loops_cross, uniq_robin
D:3:      layout_loops_corners, lemuel_doored_altar, ebering_ghost_rock_garden,
          serial_co_window_serial, co_window_corner_a, co_window_paths_a,
          co_window_corner_a, co_window_paths_b, co_window_paths_a,
          co_window_corner_cb, co_window_unsneaky_path_e,
          co_window_unsneaky_path_b, co_window_of_opportunity_b,
          co_window_2corner, co_window_broadway_a, glass_columns_a,
          uniq_jessica, uniq_pargi

Skill      XL: |  1  2  3  4 |
---------------+-------------+-----
Ranged Weapons | 3 4 5 |  5.1
Fighting       | 2 3 |  3.0
Dodging        | |  2.1
Spellcasting   | |  1.0
Hexes          | |  2.0

Action                     |  1- 3 |  4- 6 || total
---------------------------+-------+-------++-------
   Fire: Sling             |   110 |    86 ||   196
    Use: Scroll            |     3 |     6 ||     9
         Potion            |       |     1 ||     1
 Armour: Robe              |     7 |     3 ||    10
         Leather armour    |       |    10 ||    10
  Dodge: Dodged            |    24 |    40 ||    64

Table legend:
 A = Non-vault XP
 B = Vault XP
 C = Vault XP percentage of total XP
 D = Non-vault monster count
 E = Vault monster count
 F = Vault count percentage of total count
                 A         B        C        D         E       F
            +---------+---------+-------+---------+---------+-------
      Total |     121 |      77 |  38.9 |      50 |      16 |  24.2
            +---------+---------+-------+---------+---------+-------
        D:1 |      47 |       2 |   4.1 |      26 |       2 |   7.1
        D:2 |      41 |      38 |  48.1 |      13 |      13 |  50.0
        D:3 |      33 |      37 |  52.9 |      11 |       1 |   8.3
            +---------+---------+-------+---------+---------+-------
